CAL (WIN)
MODESTO NUTS @ SALEM RED SOX
12/21/2044
 
TOP OF THE 1ST
Modesto Nuts batting - Pitching for Salem Red Sox : RHP Graham Jackson
Pitching: RHP Graham Jackson
Batting: LHB Greg Valenzuela 0-0: Called Strike
0-1: Foul Ball, location: 2F
0-2: Ground out 6-3 (Groundball, 6M, EV 85.0 MPH)
Batting: RHB Justin Williams 0-0: Ball
1-0: Ball
2-0: Called Strike
2-1: Called Strike
2-2: Ball
3-2: Fly out, F9 (Flyball, 9D, EV 107.5 MPH)
Batting: LHB Bill McGregor 0-0: Ball
1-0: Called Strike
1-1: Foul Ball, location: 2F
1-2: Ball
2-2: Strikes out swinging
Top of the 1st over - 0 runs, 0 hits, 0 errors, 0 left on base; Modesto 0 - Salem 0
BOTTOM OF THE 1ST
Salem Red Sox batting - Pitching for Modesto Nuts : RHP Angelo Ayala
Pitching: RHP Angelo Ayala
Batting: RHB David Norum 0-0: Foul Ball, location: 2F
0-1: Foul Ball, location: 2F
0-2: Ball
1-2: Ground out 1-3 (Groundball, 13, EV 65.0 MPH)
Batting: RHB John Chiesa 0-0: Ball
1-0: Called Strike
1-1: Ball
2-1: SINGLE (Line Drive, 89S, EV 102.5 MPH)
Batting: RHB Dan Friess 0-0: Called Strike
0-1: Called Strike
0-2: Foul Ball, location: 2F
0-2: Ball
John Chiesa steals 2nd base (no throw)
1-2: Ball
2-2: Ground out 4-3 (Groundball, 4, EV 78.1 MPH)
John Chiesa to third
Batting: LHB Jarrett Mordecai 0-0: Fly out, F6 (Popup, 6M, EV 65.6 MPH)
Bottom of the 1st over - 0 runs, 1 hit, 0 errors, 1 left on base; Modesto 0 - Salem 0
TOP OF THE 2ND
Modesto Nuts batting - Pitching for Salem Red Sox : RHP Graham Jackson
Batting: RHB Kian-tat Chen 0-0: Called Strike
0-1: Foul Ball, location: 2F
0-2: Ground out U3 (Groundball, 34S, EV 80.0 MPH)
Batting: LHB Jeremy Brammer 0-0: Ball
1-0: Ground out 6-3 (Groundball, 6, EV 93.8 MPH)
Batting: RHB Eric Garrett 0-0: Called Strike
0-1: Ball
1-1: DOUBLE (Line Drive, 9LS, EV 96.9 MPH)
Batting: RHB Tyler Stebbins 0-0: Called Strike
0-1: Fly out, F8 (Flyball, 8RD, EV 97.5 MPH)
Top of the 2nd over - 0 runs, 1 hit, 0 errors, 1 left on base; Modesto 0 - Salem 0
BOTTOM OF THE 2ND
Salem Red Sox batting - Pitching for Modesto Nuts : RHP Angelo Ayala
Batting: RHB Tommy Boudreaux 0-0: Ball
1-0: Foul Ball, location: 2F
1-1: Ball
2-1: Fly out, F7 (Flyball, 78D, EV 103.1 MPH)
Batting: RHB Nick Cottrell 0-0: Ball
1-0: Called Strike
1-1: Foul Ball, location: 2F
1-2: Strikes out swinging
Batting: LHB Carlos Guerra 0-0: Called Strike
0-1: Ground out 6-3 (Groundball, 6M, EV 88.1 MPH)
Bottom of the 2nd over - 0 runs, 0 hits, 0 errors, 0 left on base; Modesto 0 - Salem 0
TOP OF THE 3RD
Modesto Nuts batting - Pitching for Salem Red Sox : RHP Graham Jackson
Batting: RHB Nick Rang 0-0: Ground out 5-3 (Groundball, 56S, EV 69.4 MPH)
Batting: RHB Bryce Hickman 0-0: Called Strike
0-1: Ball
1-1: Ground out 6-3 (Groundball, 6, EV 83.8 MPH)
Batting: LHB Greg Valenzuela 0-0: Ball
1-0: Swinging Strike
1-1: Swinging Strike
1-2: Ball
2-2: Foul Ball, location: 2F
2-2: Ball
3-2: Base on Balls
Batting: RHB Justin Williams 0-0: Foul Ball, location: 2F
0-1: Ball
Wild Pitch!
Greg Valenzuela to second
1-1: Ball
2-1: Called Strike
2-2: Ground out 5-3 (Groundball, 56, EV 99.4 MPH)
Top of the 3rd over - 0 runs, 0 hits, 0 errors, 1 left on base; Modesto 0 - Salem 0
BOTTOM OF THE 3RD
Salem Red Sox batting - Pitching for Modesto Nuts : RHP Angelo Ayala
Batting: RHB Jose Diaz 0-0: Foul Ball, location: 2F
0-1: Ball
1-1: Fly out, F9 (Flyball, 9S, EV 91.3 MPH)
Batting: RHB Sal Rivera 0-0: Ball
1-0: Ball
2-0: Ball
3-0: Called Strike
3-1: Foul Ball, location: 2F
3-2: Foul Ball, location: 2F
3-2: Strikes out looking
Batting: RHB David Norum 0-0: Ball
1-0: Ball
2-0: SINGLE (Groundball, 4MD, EV 111.3 MPH)
Batting: RHB John Chiesa 0-0: Called Strike
0-1: Called Strike
David Norum steals 2nd base
0-2: Foul Ball, location: 2F
0-2: Foul Ball, location: 2F
0-2: Ground out 6-3 (Groundball, 6, EV 108.1 MPH)
Bottom of the 3rd over - 0 runs, 1 hit, 0 errors, 1 left on base; Modesto 0 - Salem 0
TOP OF THE 4TH
Modesto Nuts batting - Pitching for Salem Red Sox : RHP Graham Jackson
Batting: LHB Bill McGregor 0-0: Foul Ball, location: 2F
0-1: Ground out 6-3 (Groundball, 6, EV 99.4 MPH)
Batting: RHB Kian-tat Chen 0-0: Called Strike
0-1: Ball
1-1: Fly out, F8 (Flyball, 8LD, EV 91.9 MPH)
Batting: LHB Jeremy Brammer 0-0: Ball
1-0: Ground out 6-3 (Groundball, 6, EV 84.4 MPH)
Top of the 4th over - 0 runs, 0 hits, 0 errors, 0 left on base; Modesto 0 - Salem 0
BOTTOM OF THE 4TH
Salem Red Sox batting - Pitching for Modesto Nuts : RHP Angelo Ayala
Batting: RHB Dan Friess 0-0: Called Strike
0-1: DOUBLE (Line Drive, 89D, EV 108.1 MPH)
Batting: LHB Jarrett Mordecai 0-0: Ball
1-0: Called Strike
1-1: Called Strike
1-2: SINGLE (Line Drive, 3D, EV 101.3 MPH)
Dan Friess to third
Batting: RHB Tommy Boudreaux 0-0: Foul Ball, location: 2F
0-1: Called Strike
0-2: Ball
1-2: Ball
2-2: Strikes out looking
Batting: RHB Nick Cottrell 0-0: Called Strike
0-1: Foul Ball, location: 2F
0-2: Strikes out swinging
Batting: LHB Carlos Guerra 0-0: Called Strike
0-1: Ball
1-1: Ball
2-1: Ball
3-1: Foul Ball, location: 2F
3-2: Base on Balls
Jarrett Mordecai to second
Batting: RHB Jose Diaz 0-0: Ground out 3-1 (Groundball, 34, EV 101.9 MPH)
Bottom of the 4th over - 0 runs, 2 hits, 0 errors, 3 left on base; Modesto 0 - Salem 0
TOP OF THE 5TH
Modesto Nuts batting - Pitching for Salem Red Sox : RHP Graham Jackson
Batting: RHB Eric Garrett 0-0: Called Strike
0-1: Swinging Strike
0-2: Ground out 1-3 (Groundball, 34S, EV 63.8 MPH)
Batting: RHB Tyler Stebbins 0-0: SINGLE (Groundball, 5S, EV 98.1 MPH)
Batting: RHB Nick Rang 0-0: Called Strike
0-1: Ball
1-1: Called Strike
1-2: Ball
2-2: Fly out, F8 (Flyball, 8LM, EV 96.9 MPH)
Batting: RHB Bryce Hickman 0-0: Called Strike
0-1: Fly out, F9 (Flyball, 89M, EV 88.8 MPH)
Top of the 5th over - 0 runs, 1 hit, 0 errors, 1 left on base; Modesto 0 - Salem 0
BOTTOM OF THE 5TH
Salem Red Sox batting - Pitching for Modesto Nuts : RHP Angelo Ayala
Batting: RHB Sal Rivera 0-0: Ball
1-0: Ball
2-0: Foul Ball, location: 2F
2-1: Foul Ball, location: 2F
2-2: Strikes out swinging
Batting: RHB David Norum 0-0: Fly out, F9 (Flyball, 89M, EV 81.3 MPH)
Batting: RHB John Chiesa 0-0: Swinging Strike
0-1: Fly out, F8 (Flyball, 8LM, EV 71.9 MPH)
Bottom of the 5th over - 0 runs, 0 hits, 0 errors, 0 left on base; Modesto 0 - Salem 0
TOP OF THE 6TH
Modesto Nuts batting - Pitching for Salem Red Sox : RHP Graham Jackson
Batting: LHB Greg Valenzuela 0-0: Swinging Strike
0-1: Foul Ball, location: 2F
0-2: Strikes out looking
Batting: RHB Justin Williams 0-0: Called Strike
0-1: Swinging Strike
0-2: Ball
1-2: Foul Ball, location: 2F
1-2: Ball
2-2: Ground out 6-3 (Groundball, 6, EV 86.9 MPH)
Batting: LHB Bill McGregor 0-0: Ball
1-0: Ball
2-0: Ball
3-0: Base on Balls
Pitching: RHP Aaron Brannon
Batting: RHB Kian-tat Chen 0-0: Ball
1-0: SINGLE (Groundball, 5S, EV 67.5 MPH) (infield hit)
Bill McGregor to second
Pitching: LHP Nick Barnes
Batting: LHB Jeremy Brammer 0-0: Ball
1-0: Called Strike
1-1: Ball
2-1: DOUBLE (Groundball, 3L, EV 103.1 MPH)
Bill McGregor scores
Kian-tat Chen to third
Runner from 3rd tries for Home, SAFE, no throw by RF
Batting: RHB Eric Garrett 0-0: Ball
1-0: Foul Ball, location: 2F
1-1: Ground out 6-3 (Groundball, 6, EV 89.4 MPH)
Top of the 6th over - 2 runs, 2 hits, 0 errors, 1 left on base; Modesto 2 - Salem 0
BOTTOM OF THE 6TH
Salem Red Sox batting - Pitching for Modesto Nuts : RHP Angelo Ayala
Batting: RHB Dan Friess 0-0: Called Strike
0-1: Foul Ball, location: 2F
0-2: Strikes out looking
Batting: LHB Jarrett Mordecai 0-0: Swinging Strike
0-1: Ball
1-1: Foul Ball, location: 2F
1-2: Ball
2-2: Ball
3-2: SINGLE (Groundball, 6MD, EV 99.4 MPH)
Pitching: LHP Ryan Morlan
Batting: RHB Tommy Boudreaux 0-0: Called Strike
0-1: Ball
1-1: SINGLE (Groundball, 4MD, EV 93.8 MPH)
Jarrett Mordecai to second
Pinch Runner at 2nd John Buff:
Batting: RHB Nick Cottrell 0-0: Foul Ball, location: 2F
0-1: Foul Ball, location: 2F
0-2: Ball
1-2: Ball
2-2: Ball
3-2: Foul Ball, location: 2F
3-2: Base on Balls
John Buff to third
Tommy Boudreaux to second
Batting: RHB Matt Hinkle 0-0: Ball
1-0: Called Strike
1-1: SINGLE (Line Drive, 4D, EV 96.3 MPH)
John Buff scores
Tommy Boudreaux to third
Nick Cottrell to second
Runner from 3rd tries for Home, throw by RF and OUT! 9-2
Batting: RHB Jose Diaz 0-0: Ball
1-0: Swinging Strike
1-1: Fly out, F9 (Flyball, 89D, EV 94.4 MPH)
Bottom of the 6th over - 1 run, 3 hits, 0 errors, 2 left on base; Modesto 2 - Salem 1
TOP OF THE 7TH
Modesto Nuts batting - Pitching for Salem Red Sox : LHP Nick Barnes
Now at 1B: John Buff
Batting: RHB Tyler Stebbins 0-0: Called Strike
0-1: Foul Ball, location: 2F
0-2: Strikes out swinging
Batting: RHB Nick Rang 0-0: Called Strike
0-1: Swinging Strike
0-2: Strikes out swinging
Batting: RHB Bryce Hickman 0-0: SINGLE (Line Drive, 78S, EV 101.9 MPH)
Batting: LHB Greg Valenzuela Pickoff Throw to First - Error! E1
Bryce Hickman to second
0-0: Foul Ball, location: 2F
0-1: Ball
1-1: Foul Ball, location: 2F
1-2: Foul Ball, location: 2F
1-2: Foul Ball, location: 2F
1-2: Ball
2-2: Ground out 2-3 (Groundball, 13S, EV 68.1 MPH)
Top of the 7th over - 0 runs, 1 hit, 1 error, 1 left on base; Modesto 2 - Salem 1
BOTTOM OF THE 7TH
Salem Red Sox batting - Pitching for Modesto Nuts : LHP Ryan Morlan
Pitching: RHP Nate Dallman
Batting: RHB Sal Rivera 0-0: Ball
1-0: Ball
2-0: Ball
3-0: Base on Balls
Batting: RHB David Norum 0-0: Ball
1-0: Bunted foul
1-1: Called Strike
1-2: Ball
2-2: Reached on error, E3 (Popup, 34S, EV 42.5 MPH)
Sal Rivera to second
Batting: RHB John Chiesa 0-0: Sac Bunt to 13S - play at first, batter OUT! 1-4
Sal Rivera to third
David Norum to second
Batting: RHB Dan Friess 0-0: Ball
1-0: Swinging Strike
1-1: SINGLE (Groundball, 56, EV 94.4 MPH)
Sal Rivera scores
David Norum to third
Runner from 3rd tries for Home, throw by LF and OUT! 7-2
Dan Friess to second
Batting: LHB John Buff 0-0: Ball
1-0: Ball
2-0: Called Strike
2-1: Foul Ball, location: 2F
2-2: Ball
3-2: Strikes out swinging
Bottom of the 7th over - 1 run, 1 hit, 1 error, 1 left on base; Modesto 2 - Salem 2
TOP OF THE 8TH
Modesto Nuts batting - Pitching for Salem Red Sox : LHP Nick Barnes
Batting: RHB Justin Williams 0-0: Ball
1-0: Ball
2-0: Swinging Strike
2-1: Fly out, F9 (Flyball, 89D, EV 88.1 MPH)
Batting: LHB Bill McGregor 0-0: Ball
1-0: Called Strike
1-1: Foul Ball, location: 2F
1-2: Ground out U3 (Groundball, 3L, EV 80.6 MPH)
Batting: RHB Kian-tat Chen 0-0: Ground out 5-3 (Groundball, 56S, EV 81.3 MPH)
Top of the 8th over - 0 runs, 0 hits, 0 errors, 0 left on base; Modesto 2 - Salem 2
BOTTOM OF THE 8TH
Salem Red Sox batting - Pitching for Modesto Nuts : RHP Nate Dallman
Pitching: LHP Dan Ott
Batting: RHB Tommy Boudreaux 0-0: Swinging Strike
0-1: SINGLE (Flyball, 4MD, EV 93.1 MPH)
Batting: RHB Nick Cottrell 0-0: Ball
1-0: Bunt missed!
1-1: Sac Bunt to 2R - play at first, batter OUT! 2-4
Tommy Boudreaux to second
Batting: RHB Matt Hinkle 0-0: Swinging Strike
0-1: Ball
1-1: Ball
2-1: Foul Ball, location: 2F
2-2: Foul Ball, location: 2F
2-2: Ball
3-2: Strikes out swinging
Batting: RHB Jose Diaz 0-0: Ball
1-0: Swinging Strike
1-1: Foul Ball, location: 2F
1-2: Ball
Passed Ball!
Tommy Boudreaux to third
2-2: Foul Ball, location: 2F
2-2: Ground out 6-3 (Groundball, 6M, EV 105.6 MPH)
Bottom of the 8th over - 0 runs, 1 hit, 0 errors, 1 left on base; Modesto 2 - Salem 2
TOP OF THE 9TH
Modesto Nuts batting - Pitching for Salem Red Sox : LHP Nick Barnes
Pitching: RHP Jim Whiteman
Batting: LHB Jeremy Brammer 0-0: Called Strike
0-1: SINGLE (Groundball, 4MD, EV 108.1 MPH)
Batting: RHB Eric Garrett 0-0: Ball
1-0: Bunted foul
1-1: Sac Bunt to 2R - play at first, batter OUT! 2-4
Jeremy Brammer to second
Pinch Hitting: SHB Bobby Santor 0-0: Intentional Walk
Batting: RHB Nick Rang 0-0: Called Strike
0-1: Called Strike
0-2: Foul Ball, location: 2F
0-2: Ball
1-2: Ball
2-2: Foul Ball, location: 2F
2-2: Ball
3-2: Base on Balls
Jeremy Brammer to third
Bobby Santor to second
Pinch Hitting: LHB Glenn Lowther 0-0: Called Strike
0-1: Ball
1-1: Swinging Strike
1-2: SINGLE (Line Drive, 7LS, EV 96.3 MPH)
Jeremy Brammer scores
Bobby Santor to third
Nick Rang to second
Batting: LHB Greg Valenzuela 0-0: Called Strike
0-1: SINGLE (Groundball, 4, EV 105.6 MPH)
Bobby Santor scores
Nick Rang to third
Glenn Lowther to second
Runner from 3rd tries for Home, SAFE, throw by RF to home
Batting: RHB Justin Williams 0-0: Ball
1-0: Ball
2-0: Ball
3-0: Base on Balls
Glenn Lowther to third
Greg Valenzuela to second
Batting: LHB Bill McGregor 0-0: DOUBLE (Line Drive, 5D, EV 101.3 MPH)
Glenn Lowther scores
Greg Valenzuela scores
Justin Williams to third
Pitching: RHP Jon Olivo
Batting: RHB Kian-tat Chen 0-0: Ball
1-0: SINGLE (Groundball, 56D, EV 95.0 MPH)
Justin Williams scores
Bill McGregor to third
Runner from 3rd tries for Home, SAFE, throw by LF to home
Batting: LHB Jeremy Brammer 0-0: Called Strike
0-1: Ball
1-1: Grounds out, U3 (Groundball, 3L, EV 82.5 MPH)
Batting: RHB Eric Garrett 0-0: Ball
1-0: Foul Ball, location: 2F
1-1: 2-RUN HOME RUN (Flyball, 8RXD, EV 109.4 MPH), Distance : 441 ft
Batting: SHB Bobby Santor 0-0: Ball
1-0: Ball
2-0: Ball
3-0: Called Strike
3-1: Foul Ball, location: 2F
3-2: Base on Balls
Batting: RHB Nick Rang 0-0: Ball
1-0: Fielders Choice at 2nd, 5-4 (Groundball, 56, EV 80.6 MPH)
Top of the 9th over - 9 runs, 6 hits, 0 errors, 1 left on base; Modesto 11 - Salem 2
BOTTOM OF THE 9TH
Salem Red Sox batting - Pitching for Modesto Nuts : LHP Dan Ott
Now at C: Keith Giarratano
Now at 1B: Bobby Santor
Batting: RHB Sal Rivera 0-0: Called Strike
0-1: Ball
1-1: Ball
2-1: Ball
3-1: Foul Ball, location: 2F
3-2: Strikes out swinging
Batting: RHB David Norum 0-0: Ball
1-0: Foul Ball, location: 2F
1-1: Foul Ball, location: 2F
1-2: Ball
2-2: Strikes out swinging
Batting: RHB John Chiesa 0-0: Ball
1-0: Called Strike
1-1: Foul Ball, location: 2F
1-2: Ball
2-2: Fly out, F3 (Popup, 3SF, EV 71.3 MPH)
Bottom of the 9th over - 0 runs, 0 hits, 0 errors, 0 left on base; Modesto 11 - Salem 2
Thursday, March 31st , 2022 - OOTP Baseball 22.12 Build 89